AoeStats
← ThunderboltX

Arabia

510207894Analyzed
1v1 RM · 2d ago on Sep 30, 2026· 39m 6s· 2 players
Game mode
Random Map
Map size
Tiny (2 player)
Population
200
Speed
Normal
Resources
Standard
Victory
Conquest
Starting age
Dark Age
Ending age
Imperial Age
RankedLock teamsTeams togetherTeam positionsShared explorationLock speedFull tech treeHidden civsTurbo modeCheats
Victory
Defeat
🇧🇬 Persians · Bulgaria
2384
+12
🇲🇽 Bohemians · Mexico
2302
-12
VENÓN | SiNisTeR
6:27 Loom
9:20 Feudal Age
9:48 Man-at-Arms
13:22 Double-Bit Axe
14:05 Horse Collar
20:37 Castle Age
18:58 Fletching
21:16 Bodkin Arrow
20:43 Crossbowman
22:25 Bow Saw
22:39 Fervor
26:14 Wheelbarrow
26:33 Heavy Plow
27:41 Hand Cart
27:11 Town Watch
34:17 Imperial Age
31:54 Squires
32:10 Scale Mail Armor
33:27 Chain Mail Armor
34:45 Chemistry
34:20 Masonry
34:08 Pikeman
37:43 Siege Engineers
38:01 Bracer
38:29 Wagenburg Tactics
39:10 Padded Archer Armor
38:58 Elite Skirmisher
ThunderboltX
5:12 Loom
8:07 Feudal Age
8:54 Double-Bit Axe
17:15 Horse Collar
17:26 Gold Mining
19:40 Castle Age
18:06 Fletching
19:17 Padded Archer Armor
20:03 Bodkin Arrow
20:23 Leather Archer Armor
19:29 Elite Skirmisher
25:27 Wheelbarrow
25:13 Bow Saw
26:42 Leather Archer Armor
27:10 Stone Mining
28:04 Hand Cart
28:58 Town Watch
29:47 Ballistics
33:32 Imperial Age
32:33 Heavy Plow
33:47 Gold Shaft Mining
33:47 Stone Shaft Mining
34:51 Chemistry
35:08 Ring Archer Armor
35:43 Fervor
36:21 Masonry
Connection lost

Rejoining the realm…

Still unreachable

The connection could not be restored.

Session expired

The server has moved on; the page needs a fresh start.